 Dungeon Crawl Stone Soup version 0.31-a0-220-gc2f4f3cf83 (webtiles) character file.

Game seed: 4889624385306757194

510 qw the Shooter (level 7, -2/44 HPs)
             Began as a Gargoyle Hexslinger on July 3, 2023.
             Slain by a water moccasin (6 damage)
             ... on level 5 of the Dungeon.
             The game lasted 00:01:10 (2473 turns).

qw the Shooter (Gargoyle Hexslinger)                Turns: 2473, Time: 00:01:10

Health: -2/44      AC: 13    Str: 11    XL:     7   Next: 19%
Magic:  8/8        EV: 10    Int: 14    God:
Gold:   120        SH:  0    Dex: 14    Spells: 7/8 levels left

rFire   . . .        Y - +1 sling
rCold   . . .        (no shield)
rNeg    + . .        g - +0 ring mail
rPois   inf          (no helmet)
rElec   +            e - +0 cloak
rCorr   +            (no gloves)
SInv    .            (no boots)
Will    .....        (no amulet)
Stlth   +            f - ring of resist corrosion
HPRegen 0.27/turn    (no ring)
MPRegen 0.11/turn

%: no passive effects
@: no status effects
A: sickness immunity, AC +4, negative energy resistance 1, electricity
resistance, torment resistance 1, petrification resistance, iridescent scales 1,
wild magic 1
a: no special abilities


You were on level 5 of the Dungeon.
You visited 1 branch of the dungeon, and saw 5 of its levels.

You collected 120 gold pieces.


Innate Abilities, Weirdness & Mutations

You are immune to sickness and miasma.
Your stone body is resilient. (AC +4)
You are immune to poison.
You resist negative energy. (rN+)
You are resistant to electric shocks. (rElec)
You are resistant to unholy torment.
You are immune to petrification.
You are partially covered in iridescent scales. (AC +2)
Your spells are a little harder to cast, but a little more powerful.


   Skills:
 - Level 4.6 Fighting
 + Level 6.1 Ranged Weapons
 - Level 1.3 Armour
 - Level 1.5 Dodging
 - Level 1.0 Spellcasting
 - Level 2.6 Hexes


You had 7 spell levels left.
You knew the following spells:

 Your Spells              Type           Power      Damage    Failure   Level
a - Slow                  Hex            40%        N/A       28%         1

Your spell library contained the following spells:

 Spells                   Type           Power      Damage    Failure   Level
 Inner Flame              Hex/Fire       5%         N/A       78%         3
 Portal Projectile        Hex/Tloc       10%        N/A       78%         3
 Cause Fear               Hex            5%         N/A       94%         4

Inventory:

Hand Weapons
 Y - a +1 sling (weapon)
Armour
 e - a +0 cloak (worn)
 g - a +0 ring mail (worn)
Jewellery
 f - a ring of resist corrosion (left hand)
Scrolls
 i - a scroll of identify
Potions
 c - a potion of might
 d - a potion of enlightenment {unknown}
 h - a potion of mutation

Dungeon Overview and Level Annotations

Branches:
Dungeon (4/15)
 Temple: D:4-7

Altars:

Shops:
D:2 (:


Message History

The ogre hits you with a +0 giant club!
The water moccasin bites you but does no damage.
You shoot a sling bullet. The sling bullet hits the ogre.
The ogre is almost dead.
The water moccasin closely misses you.
You shoot a sling bullet. The sling bullet hits the ogre.
You kill the ogre!
The water moccasin bites you but does no damage.
The water moccasin closely misses you.
Your Fighting skill increases to level 4!
You have reached level 7!
You shoot a sling bullet.
The sling bullet barely misses the water moccasin.
The water moccasin closely misses you.
The water moccasin bites you but does no damage.
You shoot a sling bullet.
The sling bullet hits the water moccasin!
The water moccasin is moderately wounded.
The water moccasin closely misses you.
The water moccasin bites you but does no damage.
You shoot a sling bullet.
The sling bullet closely misses the water moccasin.
The water moccasin misses you.
You shoot a sling bullet.
The sling bullet barely misses the water moccasin.
The water moccasin bites you but does no damage. x2
You shoot a sling bullet.
The sling bullet hits the water moccasin.
The water moccasin is heavily wounded.
The water moccasin bites you but does no damage.
The water moccasin barely misses you.
You shoot a sling bullet.
The sling bullet hits the water moccasin.
The water moccasin is heavily wounded.
The water moccasin bites you!
You shoot a sling bullet.
The sling bullet closely misses the water moccasin.
The water moccasin bites you but does no damage.
The water moccasin bites you.
You die...

....... #.........
#.......# #........[
#.......#####.........
##.........#..........
......................
......................
...).........####.##..
...................+..
......$@.....#### ##
.......)S....#
......../....#
...............
.............#.#
.............#.#
.....[...(...#
.............#


You could see a water moccasin.

Vanquished Creatures
  Sigmund (D:3)
  A sky beast (D:4)
  An ogre (D:5)
  A phantom (D:5)
  Terence (D:3)
  4 adders
  2 worms (D:2)
  A dart slug (D:1)
  An orc (D:2)
  5 bats
  6 endoplasms
  6 goblins
  2 hobgoblins (D:1)
  6 jackals
  4 kobolds
  3 ball pythons (D:2)
  2 frilled lizards (D:2)
  2 rats
49 creatures vanquished.

Notes
Turn   | Place    | Note
-------+----------+-------------------------------------------
     0 | D:1      | qw the Gargoyle Hexslinger began the quest for the Orb.
     0 | D:1      | Reached XP level 1. HP: 12/12 MP: 2/2
     0 | D:1      | 0 ||| qw: Version: 0.3-a-40-ge99b1a8
     0 | D:1      | 0 ||| qw: Game counter: 471
     0 | D:1      | 0 ||| qw: Melee chars always use a shield: true
     0 | D:1      | 0 ||| qw: God list: Okawaru
     0 | D:1      | 0 ||| qw: Allow faded altars: false
     0 | D:1      | 0 ||| qw: Do Orc after clearing Dungeon:15 true
     0 | D:1      | 0 ||| qw: Do second Lair branch before Depths: true
     0 | D:1      | 0 ||| qw: Lair rune preference: random
     0 | D:1      | 0 ||| qw: Goals: Normal
     0 | D:1      | 0 ||| PLANNING D:1-11
   175 | D:1      | Reached XP level 2. HP: 16/16 MP: 3/3
   487 | D:1      | Reached skill level 3 in Ranged Weapons
   705 | D:1      | 705 ||| UPGRADING to +0 cloak.
   710 | D:1      | 710 ||| UPGRADING to +0 ring mail.
   720 | D:1      | 720 ||| DROPPING +0 robe.
   721 | D:1      | 721 ||| READING 2 scrolls labelled ICOOF KIUMOT.
   822 | D:1      | 822 ||| READING scroll labelled PIVEGU ZICYDY.
   823 | D:1      | 823 ||| READING scroll labelled REYSTE ESENUHO.
   824 | D:1      | 824 ||| DROPPING scroll of silence.
   825 | D:1      | 825 ||| DROPPING scroll of poison.
   926 | D:2      | Reached XP level 3. HP: 21/21 MP: 4/4
  1017 | D:2      | Found a faded altar of an unknown god.
  1068 | D:2      | Reached skill level 1 in Armour
  1184 | D:2      | Reached XP level 4. HP: 23/26 MP: 5/5
  1244 | D:2      | Found Lionuuss's Antique Weapon Shop.
  1672 | D:2      | Found Kyuleo Xent's Book Boutique.
  1683 | D:2      | 1683 ||| READING scroll labelled BIDANNAYKEASM.
  1703 | D:2      | 1703 ||| DRINKING 2 cyan potions.
  1795 | D:3      | Reached skill level 4 in Ranged Weapons
  1869 | D:3      | Noticed Sigmund
  1879 | D:3      | 1879 ||| UPGRADING to ring of resist corrosion.
  1881 | D:3      | 1881 ||| READING scroll labelled ROIHEO ADERUGA.
  1885 | D:3      | 1885 ||| FLEEEEING.
  1886 | D:3      | 1886 ||| FLEEEEING.
  1887 | D:3      | 1887 ||| FLEEEEING.
  1888 | D:3      | 1888 ||| FLEEEEING.
  1889 | D:3      | 1889 ||| FLEEEEING.
  1890 | D:3      | 1890 ||| FLEEEEING.
  1891 | D:3      | 1891 ||| FLEEEEING.
  1892 | D:3      | 1892 ||| STAIRDANCE
  1946 | D:2      | 1946 ||| READING 3 scrolls of identify.
  1946 | D:2      | 1946 ||| IDENTIFYING smoky puce potion
  1947 | D:2      | 1947 ||| READING 2 scrolls of identify.
  1947 | D:2      | 1947 ||| IDENTIFYING lumpy emerald potion
  1948 | D:2      | 1948 ||| DROPPING potion of degeneration.
  1949 | D:2      | 1949 ||| DROPPING potion of attraction.
  1956 | D:3      | 1956 ||| STAIRDANCE
  1958 | D:3      | 1958 ||| STAIRDANCE
  2029 | D:3      | Killed Sigmund
  2030 | D:3      | Reached skill level 5 in Ranged Weapons
  2030 | D:3      | Reached XP level 5. HP: 10/30 MP: 6/6
  2030 | D:3      | Reached XP level 6. HP: 11/35 MP: 7/7
  2251 | D:3      | Noticed Terence
  2270 | D:3      | Killed Terence
  2347 | D:3      | 2347 ||| READING scroll labelled QIKURU EFIAPE.
  2348 | D:3      | 2348 ||| DRINKING 2 white potions.
  2348 | D:3      | Gained mutation: Your spells are a little harder to cast,
                  | but a little more powerful. [potion of mutation]
  2348 | D:3      | Gained mutation: You are partially covered in iridescent
                  | scales. (AC +2) [potion of mutation]
  2406 | D:4      | Noticed a sky beast
  2420 | D:4      | Killed a sky beast
  2421 | D:4      | Reached skill level 3 in Fighting
  2421 | D:4      | You fall into a shaft and drop 1 floor!
  2421 | D:5      | Entered Level 5 of the Dungeon
  2439 | D:5      | Reached skill level 6 in Ranged Weapons
  2456 | D:5      | Noticed a water moccasin
  2464 | D:5      | HP: 6/38 [ogre/+0 giant club (8)]
  2467 | D:5      | Reached XP level 7. HP: 8/44 MP: 8/8
  2472 | D:5      | HP: 3/44 [water moccasin (7)]
  2473 | D:5      | Slain by a water moccasin

Levels and vault maps discovered:
D:1:      minmay_arrival_arboretum_small, layout_basic, minivault_14
D:2:      layout_basic, basic_ecumenical_altar, serial_shops,
          nicolae_shop_behind_doors, nicolae_shop_stone
D:3:      wad_lake_hut, layout_rooms, uniq_natasha, uniq_terence, uniq_sigmund
D:4:      layout_basic, temple_doors_e, serial_shops, shop,
          minmay_misc_feat_rugged, nicolae_elevator_lobby_plus, uniq_menkaure
D:5:      layout_basic, nicolae_hepliaklqana_monster_ancestors

Skill      XL: |  1  2  3  4  5  6 |
---------------+-------------------+-----
Ranged Weapons | 3 5 6 |  6.1
Fighting       | 2 4 |  4.6
Armour         | 1 |  1.3
Dodging        | |  1.5
Spellcasting   | |  1.0
Hexes          | |  2.6

Action                     |  1- 3 |  4- 6 |  7- 9 || total
---------------------------+-------+-------+-------++-------
   Fire: Sling             |   136 |   145 |     7 ||   288
    Use: Scroll            |     3 |     5 |       ||     8
         Potion            |       |     2 |       ||     2
 Armour: Robe              |    14 |       |       ||    14
         Ring mail         |    26 |    42 |     6 ||    74
  Dodge: Dodged            |    64 |    38 |     4 ||   106

Table legend:
 A = Non-vault XP
 B = Vault XP
 C = Vault XP percentage of total XP
 D = Non-vault monster count
 E = Vault monster count
 F = Vault count percentage of total count
                 A         B        C        D         E       F
            +---------+---------+-------+---------+---------+-------
      Total |     483 |     246 |  33.7 |      47 |       2 |   4.1
            +---------+---------+-------+---------+---------+-------
        D:1 |      31 |       0 |   0.0 |      17 |       0 |   0.0
        D:2 |      80 |       0 |   0.0 |      23 |       0 |   0.0
        D:3 |      17 |     246 |  93.5 |       3 |       2 |  40.0
        D:4 |     135 |       0 |   0.0 |       2 |       0 |   0.0
        D:5 |     220 |       0 |   0.0 |       2 |       0 |   0.0
            +---------+---------+-------+---------+---------+-------
